 Dungeon Crawl Stone Soup version 0.29-a0-392-g297d3b089c (webtiles) character file.

Game seed: 15050178345178405423

22 avis the Skirmisher (level 2, -1/31 HPs)
             Began as an Ogre Warper on May 8, 2022.
             Slain by an adder (4 damage)
             ... on level 2 of the Dungeon.
             The game lasted 00:03:53 (1052 turns).

avis the Skirmisher (Ogre Warper)                   Turns: 1052, Time: 00:03:54

Health: -1/31      AC:  3    Str: 14    XL:     2   Next: 91%
Magic:  5/5        EV:  9    Int: 14    God:
Gold:   42         SH:  0    Dex:  8    Spells: 4/6 levels left

rFire   . . .      SeeInvis .   a - +0 mace
rCold   . . .      Faith    .   (no shield)
rNeg    . . .      Spirit   .   b - +0 robe
rPois   .          Reflect  .   (helmet restricted)
rElec   .          Harm     .   (no cloak)
rCorr   .          Rampage  .   (gloves unavailable)
Will    .....                   (boots unavailable)
Stlth   +.........              (no amulet)
HPRegen 0.10/turn               (no ring)
MPRegen 0.09/turn               (no ring)

@: lethally poisoned (-1 -> -9)
A: large, unfitting armour, tough skin 1
a: no special abilities


You were on level 2 of the Dungeon.
You visited 1 branch of the dungeon, and saw 2 of its levels.

You collected 42 gold pieces.

Inventory:

Hand Weapons
 a - a +0 mace (weapon)
Missiles
 d - 7 boomerangs of dispersal (quivered)
 h - 61 stones
Armour
 b - a +0 robe (worn)
Scrolls
 c - a scroll of blinking
 e - a scroll of silence {unknown}
 f - 2 scrolls of identify {unknown}


   Skills:
 + Level 3.2 Fighting
 * Level 2.4 Maces & Flails
 - Level 1.0 Throwing
 - Level 2.1 Dodging
 + Level 2.8 Spellcasting
 - Level 2.6 Translocations


You had 4 spell levels left.
You knew the following spells:

 Your Spells              Type           Power      Damage    Failure   Level
b - Blink                 Tloc           18%        N/A       11%         2

Your spell library contained the following spells:

 Spells                   Type           Power      Damage    Failure   Level
 Freeze                   Ice            4%         1d3       22%         1
 Summon Small Mammal      Summ           4%         N/A       22%         1
 Gell's Gravitas          Tloc           9%         N/A       22%         3
 Lesser Beckoning         Tloc           9%         N/A       22%         3
 Teleport Other           Tloc           9%         N/A       22%         3
 Static Discharge         Conj/Air       1%         N/A       32%         2
 Call Canine Familiar     Summ           1%         N/A       54%         3
 Frozen Ramparts          Ice            2%         1d2       54%         3
 Summon Guardian Golem    Hex/Summ       1%         N/A       54%         3
 Dispel Undead            Necr           1%         3d6       91%         4
 Hailstorm                Conj/Ice       1%         3d3       91%         4
 Sticky Flame             Conj/Fire      1%         2d3       91%         4
 Manifold Assault         Tloc           9%         N/A       90%         5


Dungeon Overview and Level Annotations

Branches:
Dungeon (2/15)

Altars:


Innate Abilities, Weirdness & Mutations

You are too large for most types of armour.
You have tough skin. (AC +1)


Message History

The adder bites you but does no damage.
You closely miss the adder. The adder closely misses you.
The adder bites you but does no damage.
You barely miss the adder. The adder bites you but does no damage.
You closely miss the adder.
The adder bites you but does no damage. x2
You completely miss the adder. The adder bites you but does no damage.
The adder closely misses you.
You completely miss the adder. The adder barely misses you.
You barely miss the adder. The adder bites you. The adder closely misses you.
You miss the adder. The adder bites you.
You are poisoned.
The adder poisons you! The adder barely misses you.
You hit the adder.
The adder is heavily wounded.
You feel sick. The adder bites you but does no damage.
You hit the adder.
The adder is heavily wounded.
You feel sick. The adder bites you but does no damage.
The adder closely misses you.
You barely miss the adder.
The adder is heavily wounded.
You feel sick. The adder bites you.
You are more poisoned.
The adder poisons you! The adder bites you.
You hit the adder.
The adder is severely wounded.
You feel sick. The adder bites you.
You are lethally poisoned!
The adder poisons you!
You hit the adder.
The adder is almost dead.
You feel very sick. The adder bites you.
* * * LOW HITPOINT WARNING * * *
The adder bites you.
* * * LOW HITPOINT WARNING * * *
It was a potion of cancellation.
You feel magically purged.
* * * LOW HITPOINT WARNING * * *
You feel sick. The adder bites you.
You die...

# .# ####
.# #.. .#
#####.##.#
#...S@..#
#.###.##.#
#<# #.#
#.# #.#
#.# #.#
#.#


You could see an adder.

Vanquished Creatures
  3 endoplasms (D:1)
  A giant cockroach (D:1)
  A goblin (D:1)
  2 hobgoblins (D:1)
  3 quokkas (D:1)
  A ball python (D:1)
  4 bats (D:1)
  A frilled lizard (D:1)
  3 kobolds (D:1)
19 creatures vanquished.

Notes
Turn   | Place    | Note
-------+----------+-------------------------------------------
     0 | D:1      | avis the Ogre Warper began the quest for the Orb.
     0 | D:1      | Reached XP level 1. HP: 22/22 MP: 3/3
    82 | D:1      | Reached XP level 2. HP: 18/29 MP: 5/5
   225 | D:1      | Reached skill level 3 in Fighting
   506 | D:1      | Learned a level 2 spell: Blink
  1052 | D:2      | Slain by an adder

Illustrated notes

Levels and vault maps discovered:
D:1:      dpeg_arrival_arbitrary_b, layout_rooms
D:2:      minmay_diamond_boxcup, layout_loops_ring

Skill      XL: |  1  2 |
---------------+-------+-----
Maces & Flails | 2 |  2.4
Fighting       | 3 |  3.2
Throwing       | |  1.0
Dodging        | |  2.1
Spellcasting   | |  2.8
Translocations | |  2.6

Action                   || total
-------------------------++-------
Melee: Mace              ||    80
  Use: Potion            ||     1
Armor: Robe              ||    38
Dodge: Dodged            ||    42

Table legend: (Time is in decaauts)
 A = Elapsed time spent in this place.
 B = Non-inter-level travel time spent in this place.
 C = Inter-level travel time spent in this place.
 D = Time resting spent in this place.
 E = Time spent auto-exploring this place.
 F = Levels seen in this place.
 G = Mean time per level.
                   A        B        C        D        E       F      G
               +--------+--------+--------+--------+--------+-----+--------+
         Total |   1074 |   1058 |     16 |    295 |    527 |   2 |  537.0 |
       Dungeon |   1074 |   1058 |     16 |    295 |    527 |   2 |  537.0 |
               +--------+--------+--------+--------+--------+-----+--------+

Top non-repeatable levels by time:
     D:1: 1053 daAuts
     D:2: 21 daAuts
